TOP OF THE 1ST |
Santa Monica Bruins batting - Pitching for Mile High Broncos : RHP José García
|
Pitching: RHP José García
|
|
Batting: LHB Francisco Marino
|
0-0: Ball 1-0: Foul Ball, location: 2F 1-1: Foul Ball, location: 2F 1-2: Ball 2-2: Ball 3-2: Base on Balls
|
Batting: LHB Harry Pitts
|
0-0: Ball 1-0: Foul Ball, location: 2F 1-1: Ball 2-1: Called Strike 2-2: Ball 3-2: Base on Balls Francisco Marino to second
|
Batting: LHB Ray Bryant
|
0-0: Called Strike 0-1: Ball 1-1: Ball 2-1: Called Strike 2-2: Strikes out swinging
|
Batting: LHB Noriaki Sangi
|
0-0: Grounds into double play, 4-6-3 (Groundball, 4)
|
Top of the 1st over - 0 run(s), 0 hit(s), 0 error(s), 1 left on base; Santa Monica 0 - Mile High 0 |
BOTTOM OF THE 1ST |
Mile High Broncos batting - Pitching for Santa Monica Bruins : LHP José Zamora
|
Pitching: LHP José Zamora
|
|
Batting: SHB Tom Stevens
|
0-0: Foul Ball, location: 2F 0-1: Ball 1-1: Ball 2-1: Called Strike 2-2: Ball 3-2: DOUBLE (Line Drive, 8RM)
|
Batting: LHB Pat Weaver
|
0-0: Called Strike 0-1: Ball 1-1: Called Strike 1-2: Ground out 6-3 (Groundball, 6) Tom Stevens to third
|
Batting: RHB António Martínez
|
0-0: Called Strike 0-1: Ball 1-1: Ball 2-1: Foul Ball, location: 2F 2-2: Foul Ball, location: 2F 2-2: Foul Ball, location: 2F 2-2: DOUBLE (Groundball, 5L) Tom Stevens scores
|
Batting: RHB David Moran
|
0-0: Ball 1-0: Called Strike 1-1: SINGLE (Line Drive, 89S) António Martínez to third
|
Batting: LHB Tony Báez
|
0-0: Ball 1-0: Foul Ball, location: 2F 1-1: Ball 2-1: Foul Ball, location: 2F 2-2: Fly out, F6 (Popup, 4MS)
|
Batting: RHB Bo Vickers
|
0-0: Ball 1-0: Foul Ball, location: 2F 1-1: Ball 2-1: Foul Ball, location: 2F 2-2: Ball 3-2: Fly out, F8 (Line Drive, 8LS)
|
Bottom of the 1st over - 1 run(s), 3 hit(s), 0 error(s), 2 left on base; Santa Monica 0 - Mile High 1 |
TOP OF THE 2ND |
Santa Monica Bruins batting - Pitching for Mile High Broncos : RHP José García
|
Batting: RHB Phil Matthews
|
0-0: Ball 1-0: Ball 2-0: Swinging Strike 2-1: Ground out 5-3 (Groundball, 56)
|
Batting: RHB Luis Martínez
|
0-0: Ground out 5-3 (Groundball, 56)
|
Batting: RHB Bonifacio Torres
|
0-0: Ball 1-0: SINGLE (Line Drive, 3S)
|
Batting: RHB Oliver Lugo
|
0-0: Called Strike 0-1: Ball 1-1: Ball 2-1: Ball 3-1: Foul Ball, location: 2F 3-2: Foul Ball, location: 2F 3-2: Base on Balls Bonifacio Torres to second
|
Batting: RHB Justin Burgess
|
0-0: Called Strike 0-1: Foul Ball, location: 2F 0-2: Foul Ball, location: 2F 0-2: Foul Ball, location: 2F 0-2: Ground out 1-3 (Groundball, 25)
|
Top of the 2nd over - 0 run(s), 1 hit(s), 0 error(s), 2 left on base; Santa Monica 0 - Mile High 1 |
BOTTOM OF THE 2ND |
Mile High Broncos batting - Pitching for Santa Monica Bruins : LHP José Zamora
|
Batting: RHB José Darias
|
0-0: Ball 1-0: Called Strike 1-1: Ground out 5-3 (Groundball, 56)
|
Batting: SHB Paco Martínez
|
0-0: Ball 1-0: Ball 2-0: Foul Ball, location: 2F 2-1: Called Strike 2-2: Ball 3-2: Fly out, F9 (Line Drive, 9LM)
|
Batting: RHB Francisco Medina
|
0-0: Ball 1-0: Foul Ball, location: 2F 1-1: Called Strike 1-2: Strikes out swinging
|
Bottom of the 2nd over - 0 run(s), 0 hit(s), 0 error(s), 0 left on base; Santa Monica 0 - Mile High 1 |
TOP OF THE 3RD |
Santa Monica Bruins batting - Pitching for Mile High Broncos : RHP José García
|
Batting: LHB Francisco Marino
|
0-0: Foul Ball, location: 2F 0-1: Ball 1-1: Ball 2-1: Ball 3-1: Called Strike 3-2: Base on Balls
|
Batting: LHB Harry Pitts
|
0-0: Ball 1-0: Called Strike 1-1: Foul Ball, location: 2F 1-2: Ball 2-2: Ball 3-2: Foul Ball, location: 2F 3-2: Foul Ball, location: 2F 3-2: Base on Balls Francisco Marino to second
|
Batting: LHB Ray Bryant
|
0-0: Called Strike 0-1: Ball 1-1: Ball 2-1: Ball 3-1: Base on Balls Francisco Marino to third Harry Pitts to second
|
Batting: LHB Noriaki Sangi
|
0-0: Called Strike 0-1: SINGLE (Line Drive, 8RS) Francisco Marino scores Harry Pitts to third Ray Bryant to second
|
Batting: RHB Phil Matthews
|
0-0: Called Strike 0-1: Ball Wild Pitch! Harry Pitts scores Ray Bryant to third Noriaki Sangi to second 1-1: Ground out 1-3 (Groundball, 15S)
|
Batting: RHB Luis Martínez
|
0-0: DOUBLE (Line Drive, 7LM) Ray Bryant scores Noriaki Sangi scores
|
Batting: RHB Bonifacio Torres
|
0-0: Ball 1-0: Ball 2-0: Called Strike 2-1: Ground out 1-3 (Groundball, 13) Luis Martínez to third
|
Batting: RHB Oliver Lugo
|
0-0: Called Strike 0-1: Hit by Pitch
|
Batting: RHB Justin Burgess
|
0-0: Called Strike 0-1: Ball 1-1: Ball 2-1: Ball 3-1: Base on Balls Oliver Lugo to second
|
Batting: LHB Francisco Marino
|
0-0: Ball 1-0: SINGLE (Line Drive, 4M) Luis Martínez scores Oliver Lugo to third Justin Burgess to second Runner from 3rd tries for Home, throw and OUT!
|
Top of the 3rd over - 5 run(s), 3 hit(s), 0 error(s), 2 left on base; Santa Monica 5 - Mile High 1 |
BOTTOM OF THE 3RD |
Mile High Broncos batting - Pitching for Santa Monica Bruins : LHP José Zamora
|
Batting: SHB Tom Stevens
|
0-0: Called Strike 0-1: Ball 1-1: Called Strike 1-2: Strikes out swinging
|
Batting: LHB Pat Weaver
|
0-0: Swinging Strike 0-1: Ground out 4-3 (Groundball, 4M)
|
Batting: RHB António Martínez
|
0-0: Called Strike 0-1: Called Strike 0-2: Foul Ball, location: 2F 0-2: Ball 1-2: Fly out, F8 (Flyball, 8RS)
|
Bottom of the 3rd over - 0 run(s), 0 hit(s), 0 error(s), 0 left on base; Santa Monica 5 - Mile High 1 |
TOP OF THE 4TH |
Santa Monica Bruins batting - Pitching for Mile High Broncos : RHP José García
|
Batting: LHB Harry Pitts
|
0-0: SOLO HOME RUN (Flyball, 89XD), Distance : 404 ft
|
Batting: LHB Ray Bryant
|
0-0: Ball 1-0: Called Strike 1-1: Hit by Pitch
|
Batting: LHB Noriaki Sangi
|
0-0: Foul Ball, location: 2F 0-1: Ball 1-1: Ball Ray Bryant steals 2nd base 2-1: Called Strike 2-2: SINGLE (Line Drive, 34D) Ray Bryant to third
|
Batting: RHB Phil Matthews
|
0-0: Called Strike 0-1: Ball 1-1: Swinging Strike 1-2: Ball 2-2: Ball 3-2: Fly out, F8 (Flyball, 8LS)
|
Batting: RHB Luis Martínez
|
0-0: Ball 1-0: Called Strike 1-1: Called Strike 1-2: Ground out 5-3 (Groundball, 56S) Ray Bryant scores Noriaki Sangi to second
|
Batting: RHB Bonifacio Torres
|
0-0: Ball 1-0: Foul Ball, location: 2F 1-1: SINGLE (Groundball, 5L) Noriaki Sangi to third Runner from 3rd tries for Home, throw and OUT!
|
Top of the 4th over - 2 run(s), 3 hit(s), 0 error(s), 1 left on base; Santa Monica 7 - Mile High 1 |
BOTTOM OF THE 4TH |
Mile High Broncos batting - Pitching for Santa Monica Bruins : LHP José Zamora
|
Batting: RHB David Moran
|
0-0: Called Strike 0-1: Foul Ball, location: 2F 0-2: Ball 1-2: Ball 2-2: Foul Ball, location: 2F 2-2: Foul Ball, location: 2F 2-2: Strikes out swinging
|
Batting: LHB Tony Báez
|
0-0: Ball 1-0: Ball 2-0: Ball 3-0: Called Strike 3-1: Called Strike 3-2: Base on Balls
|
Batting: RHB Bo Vickers
|
0-0: Ground out 5-3 (Groundball, 5S) Tony Báez to second
|
Batting: RHB José Darias
|
0-0: Ball 1-0: Swinging Strike 1-1: SINGLE (Groundball, 4D) Tony Báez to third Runner from 3rd tries for Home, throw and OUT!
|
Bottom of the 4th over - 0 run(s), 1 hit(s), 0 error(s), 1 left on base; Santa Monica 7 - Mile High 1 |
TOP OF THE 5TH |
Santa Monica Bruins batting - Pitching for Mile High Broncos : RHP José García
|
Pitching: LHP Robin Wilder
|
|
Batting: RHB Oliver Lugo
|
0-0: Called Strike 0-1: Foul Ball, location: 2F 0-2: Ball 1-2: Foul Ball, location: 2F 1-2: Ball 2-2: Strikes out swinging
|
Batting: RHB Justin Burgess
|
0-0: Ball 1-0: Swinging Strike 1-1: Fly out, F9 (Flyball, 89S)
|
Batting: LHB Francisco Marino
|
0-0: Ball 1-0: Called Strike 1-1: SINGLE (Flyball, 5L)
|
Batting: LHB Harry Pitts
|
0-0: Swinging Strike 0-1: Ball 1-1: DOUBLE (Line Drive, 9LS) Francisco Marino to third Runner from 3rd tries for Home, SAFE, no throw or cutoff
|
Batting: LHB Ray Bryant
|
0-0: Called Strike 0-1: Foul Ball, location: 2F 0-2: Ball 1-2: Ball 2-2: Foul Ball, location: 2F 2-2: Foul Ball, location: 2F 2-2: Foul Ball, location: 2F 2-2: Ball 3-2: Foul Ball, location: 2F 3-2: Strikes out swinging
|
Top of the 5th over - 1 run(s), 2 hit(s), 0 error(s), 1 left on base; Santa Monica 8 - Mile High 1 |
BOTTOM OF THE 5TH |
Mile High Broncos batting - Pitching for Santa Monica Bruins : LHP José Zamora
|
Batting: SHB Paco Martínez
|
0-0: Swinging Strike 0-1: Swinging Strike 0-2: Fly out, F9 (Flyball, 9LM)
|
Batting: RHB Francisco Medina
|
0-0: Called Strike 0-1: Fly out, F8 (Line Drive, 8LM)
|
Batting: SHB Tom Stevens
|
0-0: Ball 1-0: Fly out, F4 (Popup, 4MD)
|
Bottom of the 5th over - 0 run(s), 0 hit(s), 0 error(s), 0 left on base; Santa Monica 8 - Mile High 1 |
TOP OF THE 6TH |
Santa Monica Bruins batting - Pitching for Mile High Broncos : LHP Robin Wilder
|
Batting: LHB Noriaki Sangi
|
0-0: Called Strike 0-1: Ball 1-1: Foul Ball, location: 2F 1-2: Strikes out swinging
|
Batting: RHB Phil Matthews
|
0-0: Ball 1-0: SINGLE (Flyball, 9LS)
|
Batting: RHB Luis Martínez
|
0-0: Called Strike 0-1: Ball 1-1: Swinging Strike 1-2: Strikes out swinging
|
Batting: RHB Bonifacio Torres
|
0-0: Ball 1-0: Ball Phil Matthews steals 2nd base 2-0: Ball 3-0: Base on Balls
|
Batting: RHB Oliver Lugo
|
0-0: Foul Ball, location: 2F 0-1: Foul Ball, location: 2F 0-2: Strikes out swinging
|
Top of the 6th over - 0 run(s), 1 hit(s), 0 error(s), 2 left on base; Santa Monica 8 - Mile High 1 |
BOTTOM OF THE 6TH |
Mile High Broncos batting - Pitching for Santa Monica Bruins : LHP José Zamora
|
Batting: LHB Pat Weaver
|
0-0: Called Strike 0-1: Ground out 4-3 (Groundball, 4)
|
Batting: RHB António Martínez
|
0-0: Ball 1-0: Foul Ball, location: 2F 1-1: Ball 2-1: Ball 3-1: Called Strike 3-2: Base on Balls
|
Batting: RHB David Moran
|
0-0: Ball 1-0: Grounds into double play, 4-6-3 (Groundball, 4)
|
Bottom of the 6th over - 0 run(s), 0 hit(s), 0 error(s), 0 left on base; Santa Monica 8 - Mile High 1 |
TOP OF THE 7TH |
Santa Monica Bruins batting - Pitching for Mile High Broncos : LHP Robin Wilder
|
Pitching: RHP Chris Arnold
|
|
Batting: RHB Justin Burgess
|
0-0: Ball 1-0: Swinging Strike 1-1: Ball 2-1: Foul Ball, location: 2F 2-2: Foul Ball, location: 2F 2-2: Ball 3-2: Base on Balls
|
Batting: LHB Francisco Marino
|
0-0: Sac Bunt - play at first, batter OUT! 4-3 Justin Burgess to second
|
Batting: LHB Harry Pitts
|
0-0: Ball 1-0: Ball 2-0: Ball 3-0: Called Strike 3-1: Foul Ball, location: 2F 3-2: Strikes out swinging
|
Batting: LHB Ray Bryant
|
0-0: Swinging Strike 0-1: Ball 1-1: Ball 2-1: Foul Ball, location: 2F 2-2: Foul Ball, location: 2F 2-2: Foul Ball, location: 2F 2-2: Strikes out swinging
|
Top of the 7th over - 0 run(s), 0 hit(s), 0 error(s), 1 left on base; Santa Monica 8 - Mile High 1 |
BOTTOM OF THE 7TH |
Mile High Broncos batting - Pitching for Santa Monica Bruins : LHP José Zamora
|
Batting: LHB Tony Báez
|
0-0: Fly out, F8 (Flyball, 8LM)
|
Batting: RHB Bo Vickers
|
0-0: Swinging Strike 0-1: Ball 1-1: Foul Ball, location: 2F 1-2: SINGLE (Line Drive, 9S)
|
Batting: RHB José Darias
|
0-0: Ball 1-0: Fly out, F7 (Flyball, 7LM)
|
Batting: SHB Paco Martínez
|
0-0: Ball 1-0: Ball 2-0: Foul Ball, location: 2F 2-1: SINGLE (Groundball, 6MD) Bo Vickers to second
|
Pitching: RHP Álex Serrea
|
|
Batting: RHB Francisco Medina
|
0-0: Ball 1-0: Foul Ball, location: 2F 1-1: Ball 2-1: SINGLE (Line Drive, 8LS) Bo Vickers to third Paco Martínez to second
|
Batting: SHB Tom Stevens
|
0-0: Ball 1-0: Ball 2-0: Ball 3-0: Base on Balls Bo Vickers scores Paco Martínez to third Francisco Medina to second
|
Batting: LHB Pat Weaver
|
0-0: Ball 1-0: Foul Ball, location: 2F 1-1: Foul Ball, location: 2F 1-2: Strikes out looking
|
Bottom of the 7th over - 1 run(s), 3 hit(s), 0 error(s), 3 left on base; Santa Monica 8 - Mile High 2 |
TOP OF THE 8TH |
Santa Monica Bruins batting - Pitching for Mile High Broncos : RHP Chris Arnold
|
Batting: LHB Noriaki Sangi
|
0-0: Ball 1-0: Called Strike 1-1: Ball 2-1: Foul Ball, location: 2F 2-2: Ball 3-2: Reached on error, E5 (Groundball, 5)
|
Batting: RHB Phil Matthews
|
0-0: Ball 1-0: Called Strike 1-1: Ball 2-1: Foul Ball, location: 2F 2-2: Ball 3-2: Base on Balls
|
Batting: RHB Luis Martínez
|
0-0: Foul Ball, location: 2F 0-1: Ball 1-1: Ground out U3 (Groundball, 3S) Noriaki Sangi to third Phil Matthews to second
|
Batting: RHB Bonifacio Torres
|
0-0: Called Strike 0-1: Foul Ball, location: 2F 0-2: Ball 1-2: Ground out 6-3 (Groundball, 6) Noriaki Sangi scores
|
Batting: RHB Oliver Lugo
|
0-0: Swinging Strike 0-1: Ball 1-1: Ball 2-1: Ball 3-1: Base on Balls
|
Batting: RHB Justin Burgess
|
0-0: Called Strike 0-1: Called Strike 0-2: Strikes out swinging
|
Top of the 8th over - 1 run(s), 0 hit(s), 1 error(s), 2 left on base; Santa Monica 9 - Mile High 2 |
BOTTOM OF THE 8TH |
Mile High Broncos batting - Pitching for Santa Monica Bruins : RHP Álex Serrea
|
Now at 3B: José García
|
|
Batting: RHB António Martínez
|
0-0: Ball 1-0: Swinging Strike 1-1: Called Strike 1-2: Strikes out swinging
|
Batting: RHB David Moran
|
0-0: Called Strike 0-1: Ball 1-1: Called Strike 1-2: Strikes out swinging
|
Batting: LHB Tony Báez
|
0-0: Foul Ball, location: 2F 0-1: Swinging Strike 0-2: Fly out, F9 (Flyball, 9D)
|
Bottom of the 8th over - 0 run(s), 0 hit(s), 0 error(s), 0 left on base; Santa Monica 9 - Mile High 2 |
TOP OF THE 9TH |
Santa Monica Bruins batting - Pitching for Mile High Broncos : RHP Chris Arnold
|
Pitching: RHP Wilson Martínez
|
|
Batting: LHB Francisco Marino
|
0-0: Ball 1-0: SINGLE (Line Drive, 7LS)
|
Batting: LHB Harry Pitts
|
0-0: Called Strike Francisco Marino steals 2nd base 0-1: Foul Ball, location: 2F 0-2: Strikes out swinging
|
Batting: LHB Ray Bryant
|
0-0: Ball 1-0: Ball 2-0: Called Strike 2-1: Ball 3-1: Foul Ball, location: 2F 3-2: 2-RUN HOME RUN (Flyball, 8RXD), Distance : 433 ft
|
Batting: LHB Noriaki Sangi
|
0-0: Ball 1-0: Called Strike 1-1: Foul Ball, location: 2F 1-2: Ball 2-2: Foul Ball, location: 2F 2-2: Foul Ball, location: 2F 2-2: DOUBLE (Groundball, 3L) - OUT at third base trying to stretch hit.
|
Batting: RHB José García
|
0-0: Called Strike 0-1: Ground out 4-3 (Groundball, 34S)
|
Top of the 9th over - 2 run(s), 3 hit(s), 0 error(s), 0 left on base; Santa Monica 11 - Mile High 2 |
BOTTOM OF THE 9TH |
Mile High Broncos batting - Pitching for Santa Monica Bruins : RHP Álex Serrea
|
Batting: RHB Bo Vickers
|
0-0: Ball 1-0: Called Strike 1-1: Ball 2-1: Ball 3-1: Base on Balls
|
Batting: RHB José Darias
|
0-0: Fly out, F7 (Flyball, 7S)
|
Batting: SHB Paco Martínez
|
0-0: Reached on Error, E7 (Line Drive, 7M) Bo Vickers to second
|
Batting: RHB Francisco Medina
|
0-0: SINGLE (Groundball, 56D) Bo Vickers to third Paco Martínez to second
|
Batting: SHB Tom Stevens
|
0-0: SINGLE (Line Drive, 34) Bo Vickers scores Paco Martínez to third Francisco Medina to second
|
Batting: LHB Pat Weaver
|
0-0: Fly out, F4 (Popup, 4MS)
|
Batting: RHB António Martínez
|
0-0: Swinging Strike 0-1: Swinging Strike 0-2: Foul Ball, location: 2F 0-2: Ball 1-2: Ball 2-2: Foul Ball, location: 2F 2-2: Ball 3-2: Foul Ball, location: 2F 3-2: GRAND SLAM HOME RUN (Line Drive, 7LD), Distance : 366 ft
|
Pitching: LHP Xavier Velázquez
|
|
Batting: RHB David Moran
|
0-0: Called Strike 0-1: Called Strike 0-2: Ball 1-2: Ball 2-2: Foul Ball, location: 2F 2-2: SINGLE (Groundball, 56)
|
Batting: LHB Tony Báez
|
0-0: Ball 1-0: Called Strike 1-1: Called Strike 1-2: Ball 2-2: Foul Ball, location: 2F 2-2: Ball 3-2: Base on Balls David Moran to second
|
Batting: RHB Bo Vickers
|
0-0: Ball 1-0: Ball 2-0: Foul Ball, location: 2F 2-1: Ball 3-1: 3-RUN HOME RUN (Flyball, 7D), Distance : 368 ft
|
Pinch Hitting: RHB Michael MacDonald
|
0-0: Called Strike 0-1: Called Strike 0-2: Ball 1-2: Ground out 6-3 (Groundball, 6)
|
Bottom of the 9th over - 8 run(s), 5 hit(s), 1 error(s), 0 left on base; Santa Monica 11 - Mile High 10 |
|